 Dungeon Crawl Stone Soup version 0.30-a0-618-gd6c86c23d0 (webtiles) character file.

Game seed: 15229196490369829173

36 bande the Trooper (level 3, -1/24 HPs)
             Began as a Gargoyle Fighter on Jan 9, 2023.
             Slain by Natasha (4 damage)
             ... on level 2 of the Dungeon.
             The game lasted 00:01:03 (680 turns).

bande the Trooper (Gargoyle Fighter)                 Turns: 680, Time: 00:01:03

Health: -1/24      AC: 10    Str: 19    XL:     3   Next: 37%
Magic:  3/3        EV:  9    Int:  8    God:
Gold:   45         SH:  4    Dex: 11    Spells: 2/2 levels left

rFire   . . .      SeeInvis .    a - +0 war axe
rCold   . . .      Faith    .    c - +0 buckler
rNeg    + . .      Spirit   .    b - +0 scale mail
rPois   ∞          Reflect  .    (no helmet)
rElec   +          Harm     .    (no cloak)
rCorr   .          Rampage  .    (no gloves)
Will    .....                    (no boots) Stlth
                                 (no amulet)
HPRegen 0.24/turn                (no ring)
MPRegen 0.08/turn                (no ring)

@: no status effects
A: sickness immunity, AC +3, negative energy resistance 1, electricity
resistance, torment resistance 1, petrification resistance
a: no special abilities


You were on level 2 of the Dungeon.
You visited 1 branch of the dungeon, and saw 2 of its levels.

You collected 45 gold pieces.

Inventory:

Hand Weapons
 a - a +0 war axe (weapon)
Armour
 b - a +0 scale mail (worn)
 c - a +0 buckler (worn)
Scrolls
 e - a scroll of identify {unknown}
 f - a scroll of immolation {unknown}
Potions
 d - 3 potions of might


   Skills:
 + Level 3.8 Fighting
 + Level 2.2 Axes
 + Level 3.7 Armour
 + Level 3.5 Shields


You had 2 spell levels left.
You didn't know any spells.
Your spell library was empty.

Dungeon Overview and Level Annotations

Branches:
Dungeon (2/15)

Altars:

Annotations:
D:2 Natasha


Innate Abilities, Weirdness & Mutations

You are immune to sickness and miasma.
Your stone body is resilient. (AC +3)
You are immune to poison.
You resist negative energy. (rN+)
You are resistant to electric shocks. (rElec)
You are resistant to unholy torment.
You are immune to petrification.


Message History

You barely miss Natasha. Natasha barely misses you.
The crimson imp closely misses you. Natasha claws you but does no damage.
You block the crimson imp's attack.
You barely miss Natasha.
Natasha is heavily wounded.
You hit the crimson imp. You block Natasha's attack.
You block the crimson imp's attack.
You closely miss Natasha.
Natasha is heavily wounded.
You barely miss the crimson imp. Natasha barely misses you.
The crimson imp hits you but does no damage.
You barely miss Natasha.
Natasha is heavily wounded.
You closely miss the crimson imp. Natasha claws you but does no damage.
The crimson imp hits you but does no damage. x2
Natasha casts a spell at you. The magic dart hits you!
You hit Natasha.
Natasha is heavily wounded.
You closely miss the crimson imp. Natasha claws you.
* * * LOW HITPOINT WARNING * * *
The crimson imp hits you.
* * * LOW HITPOINT WARNING * * *
You closely miss Natasha.
Natasha is heavily wounded.
You barely miss the crimson imp. Natasha claws you but does no damage.
The crimson imp barely misses you.
The crimson imp hits you but does no damage.
Natasha mumbles some strange words.
You miss Natasha.
Natasha is heavily wounded.
You closely miss the crimson imp.
Natasha howls an incantation.
You feel troubled. You block Natasha's attack.
The crimson imp hits you but does no damage.
You closely miss Natasha.
Natasha is heavily wounded.
You hit the crimson imp. Natasha claws you.
You die...

### ..# .# #.# ..
#.# .. #.#
##########. #.#
.........#..##.###
########.#..†5...#
#########.#.###@#.#
##.........#####h#.#
................5#.#
###.##############.#
.....<....... ..
###.######### ## #.#
#.# #..


You could see Natasha and 2 crimson imps.

Vanquished Creatures
  Natasha (D:2)
  An endoplasm (D:1)
  2 goblins (D:1)
  2 hobgoblins (D:1)
  A ball python (D:1)
  2 bats (D:1)
  2 kobolds (D:1)
  A rat (D:1)
12 creatures vanquished.

Vanquished Creatures (others)
  6 plants (D:1)
6 creatures vanquished.

Grand Total: 18 creatures vanquished

Notes
Turn   | Place    | Note
-------+----------+-------------------------------------------
     0 | D:1      | bande the Gargoyle Fighter began the quest for the Orb.
     0 | D:1      | Reached XP level 1. HP: 14/14 MP: 1/1
   158 | D:1      | Reached XP level 2. HP: 10/19 MP: 2/2
   600 | D:2      | Noticed Natasha
   616 | D:2      | Killed Natasha
   617 | D:2      | Reached XP level 3. HP: 9/24 MP: 3/3
   664 | D:2      | Noticed Natasha
   680 | D:2      | Slain by Natasha

Illustrated notes

Levels and vault maps discovered:
D:1:      roderic_crop_circles_arrival_small, layout_rooms,
          kennysheep_crisscross, minmay_misc_feat_square
D:2:      layout_basic, uniq_jessica, uniq_natasha, uniq_crazy_yiuf_cottage

Skill      XL: |  1  2 |
---------------+-------+-----
Axes           | 2 |  2.2
Fighting       | |  3.8
Armour         | |  3.7
Shields        | |  3.5

Action                   || total
-------------------------++-------
Melee: War axe           ||    60
Armor: Scale mail        ||    33
Dodge: Dodged            ||    28
Block: Buckler           ||    17

Table legend: (Time is in decaauts)
 A = Elapsed time spent in this place.
 B = Non-inter-level travel time spent in this place.
 C = Inter-level travel time spent in this place.
 D = Time resting spent in this place.
 E = Time spent auto-exploring this place.
 F = Levels seen in this place.
 G = Mean time per level.
                   A        B        C        D        E       F      G
               +--------+--------+--------+--------+--------+-----+--------+
         Total |    706 |    642 |     64 |     87 |    417 |   2 |  353.0 |
       Dungeon |    706 |    642 |     64 |     87 |    417 |   2 |  353.0 |
               +--------+--------+--------+--------+--------+-----+--------+

Top non-repeatable levels by time:
     D:1: 586 daAuts
     D:2: 120 daAuts
